 Dungeon Crawl Stone Soup version 0.28-a0-1389-gc726bef33b (webtiles) character file.

Game seed: 15242783659860953759

33 MacCMillion the Skirmisher (level 3, -4/31 HPs)
             Began as a Draconian Fighter on Jan 3, 2022.
             Slain by a gnoll (11 damage)
             ... on level 1 of the Dungeon.
             The game lasted 00:02:20 (1323 turns).

MacCMillion the Skirmisher (Draconian Fighter)      Turns: 1323, Time: 00:02:21

Health: -4/31      AC:  5    Str: 18    XL:     3   Next: 12%
Magic:  3/3        EV: 12    Int: 10    God:
Gold:   52         SH:  4    Dex: 10    Spells: 2/2 levels left

rFire   . . .      SeeInvis .   a - +0 flail
rCold   . . .      Faith    .   b - +0 buckler
rNeg    . . .      Spirit   .   (armour unavailable)
rPois   .          Reflect  .   (helmet restricted)
rElec   .          Harm     .   (no cloak)
rCorr   .          Rampage  .   (no gloves)
Will    .....                   (no boots)
Stlth   +.........              (no amulet)
HPRegen 0.10/turn               (no ring)
MPRegen 0.08/turn               (no ring)

@: no status effects
A: AC +5, unfitting armour, cold-blooded
a: no special abilities


You were on level 1 of the Dungeon.
You visited 1 branch of the dungeon, and saw 2 of its levels.

You collected 52 gold pieces.

Inventory:

Hand Weapons
 a - a +0 flail (weapon)
Missiles
 f - 9 poisoned darts (quivered)
Armour
 b - a +0 buckler (worn)
Scrolls
 d - 3 scrolls of identify {unknown}
 e - 2 scrolls of vulnerability {unknown}
Potions
 c - a potion of might
 g - 2 potions of curing {unknown}


   Skills:
 + Level 3.6 Fighting
 + Level 2.3 Maces & Flails
 * Level 3.2 Dodging
 + Level 3.3 Shields


You had 2 spell levels left.
You didn't know any spells.
Your spell library contained the following spells:

 Spells                   Type           Power      Damage    Failure   Level
 Conjure Flame            Conj/Fire      0%         6-21      77%         3
 Ignite Poison            Fire/Tmut/Pois 0%         N/A       77%         3
 Sticky Flame             Conj/Fire      0%         2d3       99%         4


Dungeon Overview and Level Annotations

Branches:
Dungeon (2/15)

Altars:


Innate Abilities, Weirdness & Mutations

Your plain brown scales are hard. (AC +5)
You cannot fit into any form of body armour.
You are cold-blooded and may be slowed by cold attacks.


Message History

You kill the jackal!
No target in view!
No target in view!
A gnoll is nearby!
A gnoll is nearby!
A gnoll is nearby!
The gnoll shouts!
You hear a shout! x3
You barely miss the gnoll.
Your tail-slap misses the gnoll.
The gnoll barely misses you.
You barely miss the gnoll. The gnoll hits you with a +0 flail!
You closely miss the gnoll. The gnoll hits you with a +0 flail!
The gnoll hits you with a +0 flail.
You are too injured to fight recklessly!
You are too injured to fight recklessly!
A kobold comes into view. It is wielding a +0 club.
You see here a jackal corpse.
The kobold shouts!
You see here a frilled lizard corpse.
There is a stone staircase leading up here.
The gnoll hits you with a +0 flail!
* * * LOW HITPOINT WARNING * * *
You climb upwards.
There is a stone staircase leading down here.
You see here a +0 short sword.
You hit the gnoll but do no damage. The gnoll closely misses you.
You hit the gnoll. You tail-slap the gnoll.
The gnoll is moderately wounded.
The gnoll hits you with a +0 flail.
* * * LOW HITPOINT WARNING * * *
The gnoll misses you.
You closely miss the gnoll.
The gnoll is moderately wounded.
The gnoll closely misses you.
You closely miss the gnoll.
The gnoll is moderately wounded.
The gnoll hits you but does no damage.
You barely miss the gnoll.
The gnoll is moderately wounded.
The gnoll hits you with a +0 flail!
You die...

########### ..........#
#########.# ############ #.#
###..........## #.#
#...@g........#
#.###.#.########..# #.##..#.#
#..# #.....#.# #..#
############..#.# #..#######
........####..#.# #.........
.#....#.......#.########.########
##....##...#.##.#....)..........#
#......#........#.######.######.#


You could see a gnoll.

Vanquished Creatures
  A gnoll (D:1)
  A dart slug (D:1)
  2 bats (D:2)
  2 endoplasms
  A goblin (D:1)
  3 hobgoblins
  3 jackals (D:2)
  A kobold (D:1)
  A quokka (D:2)
  2 ball pythons (D:1)
  2 frilled lizards (D:2)
19 creatures vanquished.

Notes
Turn   | Place    | Note
-------+----------+-------------------------------------------
     0 | D:1      | MacCMillion the Draconian Fighter began the quest for the
                  | Orb.
     0 | D:1      | Reached XP level 1. HP: 19/19 MP: 1/1
   138 | D:1      | Reached XP level 2. HP: 11/26 MP: 2/2
  1194 | D:2      | Reached XP level 3. HP: 26/31 MP: 3/3
  1323 | D:1      | Slain by a gnoll

Illustrated notes

Levels and vault maps discovered:
D:1:      onia_arrival_pentagram, layout_basic, minmay_misc_feat_iff
D:2:      layout_loops_cross, nrook_loot_triangle

Skill      XL: |  1 |
---------------+----+-----
Dodging        | 3 |  3.2
Fighting       | |  3.6
Maces & Flails | |  2.3
Shields        | |  3.3

Action                   || total
-------------------------++-------
Melee: Flail             ||    62
       Tailslap          ||     5
 Stab: Sleeping          ||     2
Armor: Skin              ||    12
Dodge: Dodged            ||    42
Block: Buckler           ||    10

Table legend: (Time is in decaauts)
 A = Elapsed time spent in this place.
 B = Non-inter-level travel time spent in this place.
 C = Inter-level travel time spent in this place.
 D = Time resting spent in this place.
 E = Time spent auto-exploring this place.
 F = Levels seen in this place.
 G = Mean time per level.
                   A        B        C        D        E       F      G
               +--------+--------+--------+--------+--------+-----+--------+
         Total |   1343 |   1304 |     39 |    190 |    903 |   2 |  671.5 |
       Dungeon |   1343 |   1304 |     39 |    190 |    903 |   2 |  671.5 |
               +--------+--------+--------+--------+--------+-----+--------+

Top non-repeatable levels by time:
     D:1: 1067 daAuts
     D:2: 275 daAuts
